 Dungeon Crawl Stone Soup version 0.26-a0-1107-g6118521029 (webtiles) character file.

Game seed: 10817605156088730086

200 Dracia the Slasher (level 5, -3/61 HPs)
             Began as a Demonspawn Chaos Knight on Dec 16, 2020.
             Was a Plaything of Xom.
             Slain by a gnoll
             ... wielding a +2 spear of chaos
              (4 damage)
             ... on level 3 of the Dungeon.
             The game lasted 00:03:30 (2392 turns).

Dracia the Slasher (Demonspawn Chaos Knight)        Turns: 2392, Time: 00:03:31

Health: -3/61      AC: 22    Str: 13    XL:     5   Next: 48%
Magic:  5/5        EV:  2    Int: 14    God:    Xom [.*....]
Gold:   63         SH:  0    Dex: 14    Spells: 4/4 levels left

rFire    . . .     SeeInvis .   j - +2 dagger (protect)
rCold    . . .     Faith    .   (no shield)
rNeg     + + +     Spirit   .   (armour currently unavailable)
rPois    +         Reflect  .   (helmet currently unavailable)
rElec    .         Harm     .   (cloak currently unavailable)
rCorr    .         Rampage  .   (gloves currently unavailable)
Will     .....     NoTele   +   (boots currently unavailable)
Stlth    ++........             (no amulet)
HPRegen  0.20/turn              (no ring)
MPRegen  0.09/turn              (no ring)

@: lethally poisoned (-3 -> -3), tree-form (expiring), berserk cooldown, slowed,
very slow
A: thin skeletal structure 1
a: Renounce Religion


You were on level 3 of the Dungeon.
You worshipped Xom.
You were a plaything of Xom.
You were a tree.
You visited 1 branch of the dungeon, and saw 3 of its levels.

You collected 63 gold pieces.


Innate Abilities, Weirdness & Mutations

((You have a pair of small horns on your head.))
You have a somewhat thin skeletal structure. (Dex +2, Stealth)


   Skills:
 - Level 3.0 Fighting
 + Level 1.5(3.7) Short Blades
 - Level 5.4(5.5) Long Blades
 - Level 1.7 Armour
 - Level 0.8 Dodging


You had 4 spell levels left.
You didn't know any spells.
Your spell library was empty.

Inventory:

Hand Weapons
 a - a +0 falchion of chaos
 j - a +2 dagger of protection (weapon)
Missiles
 d - 16 poisoned darts (quivered)
Armour
 b - a +2 leather armour (melded)
Jewellery
 P - an uncursed ring of poison resistance
Scrolls
 c - a scroll of immolation
 e - a scroll of enchant armour {unknown}
 f - a scroll of enchant weapon {unknown}
 h - 2 scrolls of identify {unknown}
 l - a scroll of teleportation {unknown}

Dungeon Overview and Level Annotations

Branches:
Dungeon (3/15)

Altars:
Cheibriados
Gozag
Wu Jian

* #.# * #.# ** #.# ,******
#.# ,,,,,,* #.#
,**,*,**###* #.#
*****,,,,..* #.# *********
*,,,,,***#.## #!# *,,,,,,,,
*,***,***#..####♣#***
*,*******
*,*,,,,,*#$.#..)(##.#* *,*
*
*,*,,,,,*#......g..#,****,*
*
,,,,._".......###.##*,,,,,*
* ,**,....#.#<.##
*#.#,****,* *
,**,...,#.#..# *#.#* *,* *
,***#,**#,#..# *##
*,******* ,****,,,,,#..#
*,,,,,,,, ,,,,,,****#$.#
*****,***


You could see a gnoll (inner flame).


Message History

You kill the orc!
You feel sick.
Unknown command.
You are too berserk!
You are too berserk!
You are too berserk!
You cannot move.
Unknown command.
Your transformation is almost over.
The gnoll hits you but does no damage.
You feel a strong urge to attack something.
Unknown command.
The gnoll hits you but does no damage.
You feel your anger nearly subside.
You feel sick. The gnoll hits you but does no damage.
You are no longer berserk.
You are exhausted.
You feel yourself slow down.
You aren't carrying any potions.
Unknown command.
As you read the scroll labelled ENKAMI MUTOT, it crumbles to dust.
The creatures around you are filled with an inner flame!
It was a scroll of immolation.
The gnoll hits you but does no damage. x2
Unknown command.
As you read the scroll labelled FOBOOTZ OSIJU, it crumbles to dust.
You feel blessed for a moment.
It was a scroll of remove curse.
* * * LOW HITPOINT WARNING * * *
You feel sick.
The gnoll hits you from afar with a +2 spear of chaos.
You die...

Skill      XL: |  1  2  3  4  5 |
---------------+----------------+-----
Long Blades    | 3 4 5 |  5.4
Short Blades   | 1 |  1.5
Fighting       | |  3.0
Armour         | |  1.7
Dodging        | |  0.8

Action                   |  1- 3 |  4- 6 || total
-------------------------+-------+-------++-------
Melee: Falchion          |   105 |    33 ||   138
       Headbutt          |    12 |    12 ||    24
       Dagger            |       |    37 ||    37
  Use: Scroll            |       |     3 ||     3
       Potion            |       |     1 ||     1
 Stab: Paralysed         |     1 |     1 ||     2
       Sleeping          |       |     4 ||     4
Armor: Leather armour    |    43 |    13 ||    56
       Skin              |       |    13 ||    13
Dodge: Dodged            |    70 |    47 ||   117
       Rpst.: Falchion   |    15 |     6 ||    21

Levels and vault maps discovered:
D:1:      minmay_arrival_cross, layout_rooms, st_stairs_7,
          minmay_misc_feat_enclosed, cheibriados_altar_1
D:2:      wad_pebble_path, layout_basic, marbit_many_paths
D:3:      layout_loops_ring, nicolae_overflow_crystal_walls,
          minmay_fractal_squares_5

Notes
Turn   | Place    | Note
-------+----------+-------------------------------------------
     0 | D:1      | Dracia the Demonspawn Chaos Knight began the quest for the
                  | Orb.
     0 | D:1      | Reached XP level 1. HP: 18/18 MP: 1/1
    24 | D:1      | Reached skill level 3 in Long Blades
    30 | D:1      | Gained mutation: You have a pair of small horns on your
                  | head. [demonic ancestry]
    30 | D:1      | Reached XP level 2. HP: 9/24 MP: 2/2
   373 | D:1      | XOM: potion effect (haste)
   492 | D:1      | Reached XP level 3. HP: 29/29 MP: 3/3
   655 | D:1      | Found a snail-covered altar of Cheibriados.
   762 | D:2      | Reached skill level 4 in Long Blades
   945 | D:2      | XOM: noise
   954 | D:2      | XOM: smoke on damage
   989 | D:2      | Reached XP level 4. HP: 11/35 MP: 4/4
  1210 | D:2      | Noticed a bullfrog
  1210 | D:2      | a worm changed into a bullfrog
  1219 | D:2      | Killed a bullfrog
  1220 | D:2      | Reached skill level 5 in Long Blades
  1433 | D:2      | Gained mutation: You have a somewhat thin skeletal
                  | structure. (Dex +2, Stealth) [demonic ancestry]
  1433 | D:2      | Reached XP level 5. HP: 38/41 MP: 5/5
  2106 | D:2      | Found an opulent altar of Gozag.
  2293 | D:3      | Reached skill level 1 in Short Blades
  2349 | D:3      | Found an ornate altar of the Wu Jian Council.
  2361 | D:3      | XOM: divination: magic mapping
  2373 | D:3      | HP: 3/41 [gnoll/+0 halberd (10)]
  2373 | D:3      | HP: 1/41 [gnoll/+0 club (2)]
  2375 | D:3      | XOM: god gift: sapphire potion {god gift}
  2378 | D:3      | XOM: chaos upgrade
  2379 | D:3      | HP: 1/41 [orc (1)]
  2385 | D:3      | HP: 3/91 [poisoned by a gnoll]
  2392 | D:3      | HP: 1/61 [poisoned by a gnoll]
  2392 | D:3      | Slain by a gnoll

Vanquished Creatures
  A bullfrog (D:2)
  3 gnolls
  3 adders (D:2)
  3 worms (D:2)
  3 leopard geckos
  An orc (D:3)
  3 giant cockroaches
  5 goblins
  9 hobgoblins
  5 jackals
  A quokka (D:2)
  2 ball pythons
  8 bats
  4 frilled lizards
  7 kobolds
  5 rats
63 creatures vanquished.

Table legend: (Time is in decaauts)
 A = Elapsed time spent in this place.
 B = Non-inter-level travel time spent in this place.
 C = Inter-level travel time spent in this place.
 D = Time resting spent in this place.
 E = Time spent auto-exploring this place.
 F = Levels seen in this place.
 G = Mean time per level.
                   A        B        C        D        E       F      G
               +--------+--------+--------+--------+--------+-----+--------+
         Total |   2378 |   2308 |     70 |    557 |   1327 |   3 |  792.7 |
       Dungeon |   2378 |   2308 |     70 |    557 |   1327 |   3 |  792.7 |
               +--------+--------+--------+--------+--------+-----+--------+

Top non-repeatable levels by time:
     D:2: 1376 daAuts
     D:1: 906 daAuts
     D:3: 95 daAuts

Table legend:
 A = Non-vault XP
 B = Vault XP
 C = Vault XP percentage of total XP
 D = Non-vault monster count
 E = Vault monster count
 F = Vault count percentage of total count
                 A         B        C        D         E       F
            +---------+---------+-------+---------+---------+-------
      Total |     268 |      18 |   6.3 |      61 |       2 |   3.2
            +---------+---------+-------+---------+---------+-------
        D:1 |      46 |       3 |   6.1 |      28 |       1 |   3.4
        D:2 |     188 |      15 |   7.4 |      27 |       1 |   3.6
        D:3 |      34 |       0 |   0.0 |       6 |       0 |   0.0
            +---------+---------+-------+---------+---------+-------
